 Dungeon Crawl Stone Soup version 0.30-a0-358-g0d69a1922f (webtiles) character file.

Game seed: 12495009728522313655

74 Manisia the Caller (level 4, 24/24 HPs)
             Began as a Tengu Summoner on Nov 7, 2022.
             Quit the game on level 2 of the Dungeon on Nov 8, 2022.
             The game lasted 00:06:38 (1664 turns).

Manisia the Caller (Tengu Summoner)                 Turns: 1664, Time: 00:06:39

Health: 24/24      AC:  2    Str: 11    XL:     4   Next: 28%
Magic:  8/9        EV: 12    Int: 15    God:
Gold:   83         SH:  0    Dex: 14    Spells: 2/8 levels left

rFire   . . .      SeeInvis .    j - staff of air
rCold   . . .      Faith    .    (no shield)
rNeg    . . .      Spirit   .    a - +0 robe
rPois   .          Reflect  .    (helmet restricted)
rElec   +          Harm     .    (no cloak)
rCorr   .          Rampage  .    (no gloves)
Will    .....                    (boots unavailable)
Stlth   ++........               (no amulet)
HPRegen 0.24/turn                (no ring)
MPRegen 0.11/turn                (no ring)

@: no status effects
A: beak, talons 3
a: no special abilities


You were on level 2 of the Dungeon.
You visited 1 branch of the dungeon, and saw 2 of its levels.

You collected 83 gold pieces.

Inventory:

Hand Weapons
 d - a +1 short sword
Missiles
 c - 37 stones (quivered)
Armour
 a - a +0 robe (worn)
Magical Staves
 j - a staff of air (weapon)
Scrolls
 f - a scroll of teleportation
 g - 2 scrolls of identify
 i - a scroll of noise {unknown}
Potions
 b - a potion of magic
 e - a potion of lignification {unknown}
 h - 2 potions of haste
 k - a potion of invisibility {unknown}
 l - 2 potions of curing {unknown}


   Skills:
 + Level 0.1 Fighting
 + Level 0.2 Short Blades
 + Level 0.5 Throwing
 + Level 2.4 Dodging
 - Level 2.0 Stealth
 + Level 2.7 Spellcasting
 + Level 6.0 Summonings


You had 2 spell levels left.
You knew the following spells:

 Your Spells              Type           Power      Damage    Failure   Level
a - Summon Small Mammal   Summ           80%        N/A       1%          1
b - Call Imp              Summ           20%        N/A       2%          2
c - Call Canine Familiar  Summ           20%        N/A       5%          3

Your spell library contained the following spells:

 Spells                   Type           Power      Damage    Failure   Level
 Summon Guardian Golem    Hex/Summ       11%        N/A       19%         3
 Summon Lightning Spire   Summ/Air       16%        N/A       52%         4


Dungeon Overview and Level Annotations

Branches:
Dungeon (2/15)

Altars:

Shops:
D:2 =

Annotations:
D:2 1 runed translucent door, Crazy Yiuf


Innate Abilities, Weirdness & Mutations

You have a beak for a mouth.
You have claws for feet.


Message History

The ball python grabs your quokka. The ball python constricts your quokka.
Your quokka closely misses the ball python.
The ball python bites your quokka. The ball python constricts your quokka.
Your quokka bites the ball python.
The ball python bites your quokka. The ball python constricts your quokka.
Your quokka barely misses the ball python.
The ball python bites your quokka.
Your quokka dies!
Your quokka's corpse disappears in a puff of smoke!
You hit the ball python.
You kill the ball python!
No target in view!
You see here a ball python corpse.
A quokka comes into view.
A quokka is nearby!
Found 2 emerald potions.
The helpless quokka fails to defend itself.
You hit the quokka. Your kick misses the quokka. Your peck misses the quokka.
The quokka is moderately wounded.
The quokka bites you but does no damage.
The quokka bites you.
You hit the quokka. Your kick misses the quokka. You peck the quokka.
You kill the quokka!
l - 2 emerald potions A bat comes into view.
A bat is nearby!
A bat is nearby!
Casting: Summon Small Mammal (safe; 1% risk of failure)
Confirm with . or Enter, or press ? or * to list all spells.
The bat hits your quokka but does no damage. x2
Your quokka closely misses the bat.
The bat closely misses your quokka. The bat misses your quokka.
The bat hits your quokka but does no damage.
Your quokka bites the bat.
The bat hits your quokka but does no damage.
The bat hits your quokka.
Your quokka bites the bat.
The bat dies!
Unknown command.
Unknown command.
Are you sure you want to abandon this character and quit the game? (Confirm with "yes".)

##..# #..# ... #..# ....
#..# .....#####..#
...#........# #.#########.#
##### #.# #r# ##### #....
#.#########@###...######.###
#..................#........
#.#########.................
#...<# ####.....#.##..###
####.#########..............
#.................##..###
###########....#####..###
####.#####..... #.......####


You could see a friendly quokka (summoned).

Vanquished Creatures
  An adder (D:2)
  4 ball pythons
  An endoplasm (D:1)
  A giant cockroach (D:2)
  A hobgoblin (D:1)
  3 quokkas (D:2)
  2 bats (D:1)
  A frilled lizard (D:2)
  2 goblins
  3 kobolds (D:1)
  3 rats
22 creatures vanquished.

Vanquished Creatures (collateral kills)
  2 adders (D:2)
  2 dart slugs (D:1)
  2 ball pythons (D:2)
  5 bats
  2 goblins
  3 kobolds (D:1)
  A quokka (D:1)
  2 frilled lizards
  6 rats
25 creatures vanquished.

Grand Total: 47 creatures vanquished

Notes
Turn   | Place    | Note
-------+----------+-------------------------------------------
     0 | D:1      | Manisia the Tengu Summoner began the quest for the Orb.
     0 | D:1      | Reached XP level 1. HP: 10/10 MP: 4/4
    86 | D:1      | Reached skill level 5 in Summonings
   176 | D:1      | Reached XP level 2. HP: 15/15 MP: 1/6
   242 | D:1      | Learned a level 2 spell: Call Imp
   295 | D:1      | Found a faded altar of an unknown god.
   660 | D:1      | Reached XP level 3. HP: 19/19 MP: 3/7
  1208 | D:2      | Learned a level 3 spell: Call Canine Familiar
  1219 | D:2      | Found a runed translucent door.
  1220 | D:2      | Noticed Crazy Yiuf
  1445 | D:2      | Found Ytiet's Jewellery Emporium.
  1448 | D:2      | Upgraded the game from 0.30-a0-354-g6b83867211 to
                  | 0.30-a0-358-g0d69a1922f
  1479 | D:2      | Reached skill level 6 in Summonings
  1479 | D:2      | Reached XP level 4. HP: 24/24 MP: 5/8
  1664 | D:2      | Quit the game

Illustrated notes

Levels and vault maps discovered:
D:1:      minmay_arrival_solitary_statue, layout_loops_cross,
          hellmonk_ecumenical_altar_zigzags
D:2:      layout_loops_ring, serial_shops, nicolae_shop_behind_doors,
          uniq_crazy_yiuf_cottage

Skill      XL: |  1  2  3 |
---------------+----------+-----
Summonings     | 5 6 |  6.0
Fighting       | |  0.1
Short Blades   | |  0.2
Throwing       | |  0.5
Dodging        | |  2.4
Stealth        | |  2.0
Spellcasting   | |  2.7

Action                   |  1- 3 |  4- 6 || total
-------------------------+-------+-------++-------
Melee: Short sword       |    21 |       ||    21
       Peck              |    10 |     2 ||    12
       Kick              |     8 |     2 ||    10
       Unarmed           |     2 |       ||     2
       Staff             |    24 |    11 ||    35
       Punch             |       |     1 ||     1
Throw: Stone             |    14 |       ||    14
 Cast: Summon Small Mamm |    21 |     4 ||    25
       Call Imp          |     7 |     2 ||     9
       Call Canine Famil |     1 |       ||     1
  Use: Scroll            |     4 |       ||     4
 Stab: Sleeping          |     2 |     2 ||     4
Armor: Robe              |    11 |     4 ||    15
Dodge: Dodged            |    28 |    17 ||    45

Table legend: (Time is in decaauts)
 A = Elapsed time spent in this place.
 B = Non-inter-level travel time spent in this place.
 C = Inter-level travel time spent in this place.
 D = Time resting spent in this place.
 E = Time spent auto-exploring this place.
 F = Levels seen in this place.
 G = Mean time per level.
                   A        B        C        D        E       F      G
               +--------+--------+--------+--------+--------+-----+--------+
         Total |   1671 |   1628 |     43 |      8 |   1217 |   2 |  835.5 |
       Dungeon |   1671 |   1628 |     43 |      8 |   1217 |   2 |  835.5 |
               +--------+--------+--------+--------+--------+-----+--------+

Top non-repeatable levels by time:
     D:1: 1094 daAuts
     D:2: 576 daAuts
